[Event "GER-ch Youth-U18 2022"]
[Site "Willingen"]
[Date "2022.06.05"]
[Round "2.13"]
[White "Hassemeier, Mika"]
[Black "Chen, Qingzhi Alexander"]
[Result "1-0"]
[ECO "B90"]
[WhiteElo "2127"]
[BlackElo "1879"]
[Annotator "TA"]
[PlyCount "169"]
[EventDate "2022.06.05"]
[EventType "swiss"]
[EventRounds "9"]
[EventCountry "GER"]
[SourceTitle "playchess.com"]
[Source "ChessBase"]
[SourceQuality "1"]
[TimeControl "40/4500+30:900+30"]

1. e4 c5 2. Nf3 d6 3. d4 cxd4 4. Nxd4 Nf6 5. Nc3 a6 6. a3 b5 {[%emt 0:00:00] B90: Sicilian Najdorf: Unusual White 6th moves, 6 Be3 Ng4 and 6 Be3 e5.} 7. Bd3 Bb7 8. O-O g6 {[%emt 0:00:00] The position is equal.} 9. f4 (9. Re1 $142) 9... Nbd7 $11 10. Qe2 Bg7 11. Nf3 (11. Nb3 $11) 11... O-O $17 {[%emt 0:04:29] [#]} 12. Bd2 $146 ({Predecessor:} 12. e5 dxe5 13. fxe5 Nd5 14. Nxd5 Bxd5 15. Bf4 e6 16. Rad1 Qc7 17. Be4 Bxe4 18. Qxe4 {½-½ (29) Buhrdorf,A (1885)-Ficken,H (1692) Bremen 2018}) 12... Qc7 13. Rae1 e5 (13... e6 $15) 14. Qf2 (14. f5 $11) 14... Rfe8 (14... Ng4 15. Qh4 Ngf6 16. f5 $11) 15. Qh4 Nc5 16. fxe5 dxe5 17. Ng5 $1 {[%emt 0:04:09][%cal Of1f6] Hoping for Rxf6!} h6 {[%emt 0:13:46] [#]} (17... Ncd7 $11) 18. Rxf6 $1 $14 Bxf6 (18... hxg5 19. Bxg5) 19. Qxh6 Ne6 $2 (19... Bxg5 $14 20. Bxg5 Nxd3) 20. Qh7+ Kf8 21. Nxe6+ Rxe6 22. Nd5 Bxd5 23. Bb4+ $2 (23. exd5 $18 Rd6 24. Bxg6 (24. Bh6+ Ke7 $16)) 23... Re7 24. exd5 $18 {[%emt 0:00:14] Chess con chili.} a5 25. Bxe7+ $2 (25. Bd2 $1 $18 Rd7 26. Be3 (26. Bh6+ Ke7 $11)) 25... Qxe7 $14 26. Qh6+ (26. Kh1 {seems wilder.} Rd8 27. Be4 Qc5 28. Rf1) 26... Kg8 27. Qe3 b4 28. a4 Qd6 29. b3 Kg7 (29... Qxd5 $2 30. Be4 Qd8 31. Bxa8 Qxa8 32. Qf3 Qa7+ 33. Kh1 $18) 30. Bc4 Rh8 31. Qe4 Rh4 32. Qe3 e4 {[%emt 0:00:32][%mdl 1024] Black has compensation.} 33. g3 Rh5 34. Re2 (34. Qxe4 $2 Re5 35. Qxe5 Bxe5 $19) (34. Rf1 $14) 34... Re5 $1 $11 35. Kg2 Bg5 36. Qd4 Bf6 (36... f5 $11 {keeps the balance.}) 37. Qe3 (37. Rxe4 $16 Qe7 38. Rxe5 Bxe5 39. Qe3) 37... Bg5 38. Qd4 e3 (38... Bf6 $11) 39. h4 Bh6 40. g4 (40. c3 $16) 40... Kh7 41. g5 $2 {[%emt 0:02:03][%mdl 8192] [#]} (41. Kh3 $11 {and White stays safe.}) 41... Bg7 $2 ({Black should try} 41... Bxg5 $1 $19 {[%cal Od6f6][%mdl 512] aiming for ...Qf6!} 42. hxg5 (42. Re1 Bf6) 42... Rxg5+ 43. Kf1 Qg3 44. Qxe3 (44. Rxe3 Qg1+ 45. Ke2 Rg2+ 46. Kf3 Qf2+ 47. Ke4 Qf5#) 44... Rf5+ 45. Qf2 Rxf2+ 46. Rxf2 Kg7) 42. Qd3 Qd7 {[%emt 0:02:00] ...Qg4+ is the strong threat.} 43. Rxe3 Rxe3 44. Qxe3 $14 {[%emt 0:00:06][%mdl 4096] Endgame KQB-KQB} Qg4+ 45. Qg3 Qe4+ 46. Qf3 Qxc2+ 47. Kh3 (47. Be2 $16) 47... Qc3 $11 48. Bd3 {[%emt 0:02:03] And now h5 would win.} Kg8 49. d6 Qxb3 $2 (49... Qc8+ $11 50. Kg2 Qd7) 50. d7 $18 Qe6+ {[%emt 0:00:05] [#]} 51. Bf5 $1 Qe7 (51... Qb6 52. Bxg6) 52. Qa8+ Kh7 53. Bxg6+ $2 Kxg6 $4 (53... fxg6 $11 54. d8=Q Qe6+ 55. Kg3 Qe1+ 56. Kf3 Qf1+ 57. Ke3 (57. Kg4 Qf5+ 58. Kg3 Be5+ 59. Kg2 Qg4+ 60. Kf1 Qc4+ 61. Kf2 Bd4+ 62. Kg3 Qd3+ 63. Kh2 Be5+ 64. Kg2 Qe2+ 65. Kg1 Qg4+ 66. Kf2 Bd4+ 67. Ke1 Qe6+ 68. Kd1 Qb3+ 69. Ke2 Qe3+ 70. Kd1 Qd3+ 71. Ke1 Qe3+ 72. Kd1 Qd3+ 73. Ke1 Qe3+ 74. Kd1 $11) 57... Qe1+ 58. Kd3 Qf1+ 59. Ke3 Qe1+ 60. Kd3 Qf1+ 61. Ke3) 54. d8=Q Qe3+ 55. Kg4 $1 Qg1+ 56. Kf4 Qh2+ 57. Ke3 Qg1+ 58. Kd3 (58. Ke2 $142 Qh2+ 59. Kd3 Qg3+ 60. Kc4 Qxh4+ 61. Kb5 Qxg5+ 62. Qxg5+ Kxg5 63. Qxa5) 58... Qf1+ 59. Ke4 $2 (59. Kc2 $1 $18 {White wants to mate with Qd3+.} Qc4+ 60. Kd2 Qc3+ 61. Ke2 Qe5+ 62. Kf2 Qh2+ 63. Kf1 Qf4+ 64. Ke2 Qe5+ 65. Kf2 Qh2+ 66. Qg2 Qf4+ 67. Ke1 Qc1+ 68. Ke2 Qb2+ 69. Qd2 Qe5+ 70. Qe3 Qxe3+ 71. Kxe3) 59... Qg2+ $11 60. Kf4 Qh2+ $1 61. Ke3 Qg1+ $1 62. Kd3 (62. Ke2 $142 Qh2+ 63. Kd3 Qg3+ 64. Kc4 Qxh4+ 65. Kb5 Qxg5+ 66. Qxg5+ Kxg5 67. Qxa5) 62... Qf1+ $18 63. Kc2 $1 Qc4+ 64. Kd2 $1 Qf4+ 65. Ke2 Qh2+ 66. Kf1 $2 ({White has to play} 66. Kd3 $18 {Intending Qc6+ and mate.} Qxh4 67. Qg2) 66... Qf4+ $11 67. Ke2 {[%emt 0:00:57] White threatens Qd3+ and mate.} Qh2+ $1 {[%emt 0:00:14] White leaves nothing to chance now.} 68. Kd1 {[%emt 0:00:16] Threatening mate with Qd3+.} Qg1+ 69. Kc2 $1 Qc5+ {[%emt 0:00:11] [#]} 70. Kd3 $1 Qc3+ 71. Ke4 $2 (71. Ke2 $18 {Qe4+ would kill now.} Qe5+ 72. Kf2 Qc5+ 73. Kg2 Qc2+ 74. Kg3 Qc3+ 75. Qf3 Be5+ 76. Kg4 Qc4+ 77. Kh3 Qe6+ 78. Kg2) 71... Qe5+ $2 {[%emt 0:00:13][%mdl 8192] [#]} (71... Qc4+ $11 72. Ke3 Qc5+ 73. Ke2 Qe5+ 74. Kf2 Qc5+ 75. Kg2 Qc2+ 76. Kg3 Qc3+ 77. Qf3 Be5+ 78. Kf2 Qc2+ 79. Ke3 Qc5+ 80. Ke2 Qc2+ 81. Qd2 Qxd2+ 82. Kxd2 Bb2) 72. Kf3 $1 $18 Qf5+ 73. Ke3 Qe5+ 74. Qe4+ {[%emt 0:00:05] White mates.} Qxe4+ 75. Kxe4 b3 76. Qb6+ f6 77. gxf6 Bxf6 78. h5+ Kg5 79. Qxa5+ Kh6 80. Qb6 Kg5 81. Qxb3 Kxh5 82. Kf5 Bd8 83. Qh3+ Bh4 84. Qg4+ Kh6 85. Qg6# {[%emt 0:00:03] Weighted Error Value: White=0.57/Black=0.64} 1-0

[Event "GER-ch Youth-U18 2022"]
[Site "Willingen"]
[Date "2022.06.05"]
[Round "2.14"]
[White "Kallweit, Paul"]
[Black "Orf, Niklas"]
[Result "1/2-1/2"]
[ECO "A41"]
[WhiteElo "1863"]
[BlackElo "1797"]
[Annotator "NA RC COMBH"]
[PlyCount "119"]
[EventDate "2022.06.05"]
[EventType "swiss"]
[EventRounds "9"]
[EventCountry "GER"]
[SourceTitle "playchess.com"]
[Source "ChessBase"]
[SourceQuality "1"]
[TimeControl "40/4500+30:900+30"]

1. d4 d6 2. Nf3 Nf6 3. Nc3 Nbd7 4. e4 e5 5. Bc4 Be7 6. O-O c6 7. Re1 Qc7 8. a4 h6 9. b3 $11 O-O 10. Ba3 Re8 11. h3 Bf8 12. Bf1 b6 13. a5 Bb7 14. a6 Bc8 15. b4 b5 16. Bb2 Qb6 17. d5 Bxa6 18. dxc6 Qxc6 19. Ra5 Bb7 20. Bxb5 Qb6 21. Bd3 Bc6 22. Bb5 Rec8 23. Ra6 Qb7 24. Rxc6 Rxc6 25. Bxc6 Qxc6 26. b5 Qc4 27. Nd2 Qb4 28. Qa1 Rc8 29. Re3 Nc5 30. Ba3 Qa5 31. Nc4 Qc7 32. Bxc5 Qxc5 33. Na5 Qb6 34. Rd3 d5 35. exd5 Bc5 36. Nc6 e4 37. Rd1 Bxf2+ 38. Kh1 Re8 39. Qa4 Qc5 40. Qb4 Nd7 41. Qxc5 Bxc5 42. g4 g6 43. Rf1 Nb6 44. Kg2 Nc4 45. Re1 f5 46. gxf5 gxf5 47. Kg3 Kg7 48. Ne2 Kf6 49. Ncd4 Ne3 50. Ra1 Nxd5 51. Ra6+ Bb6 52. c4 Nb4 53. c5 Nxa6 54. cxb6 axb6 55. bxa6 Ra8 56. Kf4 Rxa6 57. Nxf5 Ra3 58. Ne3 b5 59. Nd4 b4 60. Ndc2 1/2-1/2

[Event "GER-ch Youth-U18 2022"]
[Site "Willingen"]
[Date "2022.06.06"]
[Round "3.1"]
[White "Fromm, Marius"]
[Black "Hinrichs, Paul"]
[Result "1-0"]
[ECO "C50"]
[WhiteElo "2317"]
[BlackElo "2244"]
[Annotator "TA"]
[PlyCount "117"]
[EventDate "2022.06.05"]
[EventType "swiss"]
[EventRounds "9"]
[EventCountry "GER"]
[SourceTitle "playchess.com"]
[Source "ChessBase"]
[SourceQuality "1"]
[TimeControl "40/4500+30:900+30"]

1. e4 e5 2. Nf3 Nc6 3. Bc4 Bc5 4. d3 Nf6 5. O-O d6 6. c3 a6 7. a4 {[%emt 0:00:00] C54: Giuoco Piano: 4 c3 Nf6, main lines with 5 d4 and 5 d3.} Ba7 8. Nbd2 O-O 9. h3 {[%emt 0:00:00] White has an edge.} h6 10. Re1 Ne7 11. Nf1 Ng6 12. Ng3 c6 13. Bb3 d5 14. exd5 Nxd5 15. d4 exd4 16. Nxd4 Be6 {[%emt 0:00:00] [#]} 17. Ne4 $146 (17. Nxe6 $14 fxe6 18. Rxe6) ({Predecessor:} 17. Bc2 Bd7 18. Bb3 Qa5 19. Bxd5 Qxd5 20. Ndf5 Qxd1 21. Rxd1 Bxf5 22. Nxf5 Rfd8 23. Be3 Bxe3 24. Nxe3 {½-½ (31) Grischuk,A (2778)-Korobov,A (2683) Krasnaya Polyana 2021}) 17... Bxd4 18. Qxd4 Ndf4 19. Bxe6 Qxd4 ({Better is} 19... Nxe6 $11 20. Qb4 Rb8) 20. Bxf7+ $1 $14 (20. cxd4 Nxe6 21. Be3 Rad8 $11) 20... Rxf7 21. cxd4 Rd8 22. Be3 Nh4 23. Bxf4 Rxf4 24. Rad1 Nf5 (24... a5 $14) 25. g3 $16 Rf3 26. Nc5 {[%emt 0:00:03] [#] Threatens to win with Kg2.} Nxd4 27. Nxb7 Rb8 (27... Ne2+ $142 28. Kf1 (28. Kg2 Rxd1 29. Rxd1 Rb3 $16) 28... Rxd1 29. Rxd1 Rb3) 28. Re7 c5 (28... Kf8 $16 {is a better defense.} 29. Rd7 Ne6) 29. Kg2 $2 (29. Nxc5 $18 Rb4 30. Kg2) 29... Rbf8 $14 30. Rf1 ({Wrong is} 30. Nxc5 $2 Rxf2+ 31. Kg1 (31. Kh1 Nf3) 31... Ne2+ 32. Rxe2 Rxe2 $19) 30... Rb3 (30... Nb3 $1 $11 {remains equal.}) 31. Nxc5 $16 Rxb2 32. Nxa6 Rc8 33. Nc7 Nf5 $1 34. Re5 Rxc7 (34... Nh4+ $1 $14 35. gxh4 Rxc7) 35. Rxf5 $14 {[%emt 0:00:05][%mdl 4096] Endgame KRR-KRR} Ra2 {[%emt 0:00:02] Prevents Ra1.} 36. Rd1 {[%emt 0:03:19] Black must now prevent Rd8+.} Rxa4 37. Rd8+ Kh7 38. h4 Rb4 39. h5 {[%emt 0:03:58] And now Rff8 would win.} g6 40. Rf6 gxh5 41. Rdd6 {[%emt 0:15:03] Kh3 is the strong threat.} Rb5 $2 (41... Rb2 42. Rxh6+ Kg8 43. Rdg6+ (43. Rxh5 Rf7 $16) 43... Kf7 44. Rf6+ Kg7 45. Rhg6+ Kh7) 42. Rxh6+ $18 Kg7 43. Rdg6+ Kf7 $2 (43... Kf8 44. f4 Rc1) 44. Rb6 Kg7 45. Rxb5 $2 (45. Rhg6+ $18 {and White stays clearly on top.} Kh7 46. Rh6+ Kg7 47. Rbg6+ (47. Rxb5 Kxh6 48. Rb6+ Kg7 $16) 47... Kf7 48. Rd6) 45... Kxh6 {[%emt 0:00:06] KR-KR} 46. Rb6+ Kg7 $2 {[%emt 0:00:00][%mdl 8192] [#] This costs Black the game.} (46... Kh7 $16) 47. Kh3 $1 ({Less strong is} 47. f4 Rc1 48. Rb5 Kh6 $16) 47... Rc2 48. f4 Rf2 49. Kh4 Rh2+ 50. Kg5 Rh3 51. Rb7+ Kg8 52. Rb3 h4 53. Rb8+ Kg7 54. Rb7+ Kg8 55. g4 {[%emt 0:00:00] White mates.} Rh1 56. f5 h3 57. Kg6 Kf8 58. f6 Re1 59. Rh7 {[%emt 0:00:00] Weighted Error Value: White=0.24 (precise) /Black=0.38} 1-0

[Event "GER-ch Youth-U18 2022"]
[Site "Willingen"]
[Date "2022.06.06"]
[Round "3.2"]
[White "von Mettenheim, Johannes"]
[Black "Weishaeutel, Moritz"]
[Result "1-0"]
[ECO "D85"]
[WhiteElo "2176"]
[BlackElo "2406"]
[Annotator "TA"]
[PlyCount "121"]
[EventDate "2022.06.05"]
[EventType "swiss"]
[EventRounds "9"]
[EventCountry "GER"]
[SourceTitle "playchess.com"]
[Source "ChessBase"]
[SourceQuality "1"]
[TimeControl "40/4500+30:900+30"]

1. d4 Nf6 2. c4 g6 3. Nc3 d5 4. cxd5 Nxd5 5. g3 Bg7 6. Bg2 Nxc3 7. bxc3 c5 8. e3 {[%emt 0:00:00][%cal Be2e3,Be3d4][%mdl 32] 8.e3 has lost popularity.} Qa5 {[%emt 0:00:00] D71: Fianchetto Grünfeld: 3 g3 d5 sidelines and 5 cxd5 (without Nf3).} 9. Ne2 cxd4 10. exd4 O-O {[%emt 0:00:00] The position is equal.} 11. O-O Nc6 12. Qb3 Bg4 13. Nf4 e5 14. dxe5 Nxe5 {[%emt 0:00:19] [#]} 15. h3 $146 ({Predecessor:} 15. Ba3 Rfd8 16. Bb4 Qa6 17. Rfe1 Nf3+ 18. Bxf3 Bxf3 19. Re7 Qf6 20. Re3 Qc6 21. Rae1 {0-1 (51) Santagati,A (2271)-Baldauf,M (2423) Vienna 2016}) 15... Bf3 16. Rb1 Rac8 17. Bxf3 Nxf3+ 18. Kg2 {[%emt 0:00:06] And now Qd5 would win.} Ne5 ({Resist} 18... Rxc3 19. Qd5 Qxd5 20. Nxd5 $16) ({Don't play} 18... Qxc3 19. Nd5 Ne1+ 20. Rxe1 $1 Qxe1 21. Be3 $16) 19. Nd5 {[%emt 0:20:11] Hoping for Ne7+.} Rfe8 {[%emt 0:09:49] Inhibits Ne7+.} (19... Kh8 $11) 20. Bg5 (20. Qxb7 $14 Kh8 21. Bf4) 20... Nc6 21. Rfd1 b6 22. Qc4 h6 {[%emt 0:05:00] [#]} (22... Kh8 $11 {keeps the balance.} 23. Bf6 Ne5) 23. Bxh6 $1 $16 {[%emt 0:12:58] White is more active.} Bxh6 (23... Ne5 24. Qh4) 24. Nf6+ Kf8 {[%emt 0:00:03] White must now prevent ...Re6.} 25. Nxe8 Kxe8 26. Rd5 Ne7 {[%emt 0:04:29][%csl LRc3,LRc4,LRd5] [#]} 27. Qxc8+ $1 ({But not} 27. Rxa5 $6 Rxc4 28. Rxa7 Nc8 $11) 27... Nxc8 28. Rxa5 bxa5 29. Rb5 a4 30. Ra5 {[%emt 0:00:36][%mdl 1024] White has strong compensation.} Nb6 (30... Bf8 $16) 31. Rxa7 $18 Bf8 32. Ra6 Bc5 33. Ra5 Be7 {[%emt 0:01:46] [#]} 34. c4 $1 Kd7 35. c5 Nd5 36. Rxa4 Bxc5 37. h4 Kd6 (37... f5 $142 38. Ra6 Ne7) 38. g4 Ke5 39. Kf3 Nc3 $2 (39... Nc7 40. Re4+ Kf6) 40. Ra5 Ne4 41. Ke2 Kf4 42. h5 {[%emt 0:00:00][%cal Oa5c5] Threatens to win with Rxc5!} gxh5 43. gxh5 {[%emt 0:00:00][%cal Oa5c5] aiming for Rxc5!} Bf8 44. a4 f5 45. Ra8 Bg7 46. Rg8 Be5 47. a5 Nf6 {[%emt 0:00:43] [#]} 48. a6 $1 {[%emt 0:01:15] Intending a7 and mate.} Nxg8 (48... Bd4 49. Rd8) 49. a7 {[%emt 0:00:05] White mates.} Nf6 50. h6 Kg5 51. a8=Q Kxh6 52. Qa5 Bf4 53. Qxf5 Nh5 54. Kf3 Bg5 55. Ke4 Nf6+ 56. Ke5 Nh5 57. Qh3 Kg6 58. Qd3+ Kh6 59. Kf5 Ng7+ 60. Kg4 Nh5 61. Qh3 {[%emt 0:00:15] Weighted Error Value: White=0.05 (flawless) /Black=0.34} 1-0

[Event "GER-ch Youth-U18 2022"]
[Site "Willingen"]
[Date "2022.06.06"]
[Round "3.3"]
[White "Koelle, Tobias"]
[Black "Dobrikov, Marco"]
[Result "1/2-1/2"]
[ECO "E71"]
[WhiteElo "2431"]
[BlackElo "2234"]
[Annotator "TA"]
[PlyCount "156"]
[EventDate "2022.06.05"]
[EventType "swiss"]
[EventRounds "9"]
[EventCountry "GER"]
[SourceTitle "playchess.com"]
[Source "ChessBase"]
[SourceQuality "1"]
[TimeControl "40/4500+30:900+30"]

1. d4 {[%emt 0:00:00] Stohl,I} Nf6 2. c4 g6 3. Nc3 Bg7 4. e4 d6 5. h3 O-O 6. Be3 Nc6 {[%emt 0:00:00] E71: King's Indian: 4 e4 d6 5 h3.} 7. d5 Ne5 8. f4 Ned7 {[%emt 0:00:00] White is slightly better.} 9. g4 c6 10. Nf3 cxd5 11. cxd5 b6 {[%emt 0:00:00] [#]} 12. Qc2 $146 (12. Bg2 $5 ) ({Predecessor:} 12. Nd4 Nc5 13. Qf3 Bb7 14. g5 Nfxe4 15. Nxe4 Bxd5 16. Nf6+ exf6 17. Qxd5 Re8 18. Nc2 fxg5 {1-0 (48) Caruana,F (2822)-Firouzja,A (2723) Wijk aan Zee 2020 CBM 195 Extra [Stohl,I]}) 12... Bb7 13. Bg2 Rc8 14. Nd4 {[%emt 0:01:30] Against e6} Nc5 (14... e6 $11 15. Nc6 (15. dxe6 Nc5 $15) 15... Bxc6 16. dxc6 Rxc6) 15. Nc6 (15. O-O $5 ) 15... Bxc6 (15... Qd7 $14) 16. dxc6 $16 Ne8 17. O-O {[%emt 0:04:41] White is more active.} (17. e5 $1 $14) 17... Rxc6 $11 18. e5 Rc8 19. Rad1 {[%emt 0:00:25][%mdl 1024] White has compensation.} e6 ({Black should try} 19... Qd7 $11) 20. Qd2 (20. Nb5 $1 $14) 20... d5 21. g5 Nc7 22. h4 (22. b4 $5 N5a6 23. a3 $11) 22... Qe7 23. b4 Nd7 (23... Ne4 $5 24. Bxe4 (24. Nxe4 dxe4 25. Bxe4 Rfd8 $11) 24... dxe4 $11) 24. Ne2 Nb5 {[%emt 0:09:55][%cal Bc7b5,Bb5a3,Ba3c4,Bc4b2][%mdl 32] White should prevent ...Na3.} 25. Qb2 {[%emt 0:07:48] Prevents Na3.} Rc4 $36 {[%emt 0:00:20][%mdl 2048] Black fights for an advantage.} 26. a3 Rfc8 27. Rd2 {[%emt 0:01:11] Against Rc2} ({White should play} 27. Rc1 $15) 27... a5 28. bxa5 Qxa3 29. Qxa3 Nxa3 30. axb6 Rb4 31. Ra2 Nc4 {[%emt 0:00:28] Pair of Knights!} 32. Bf2 Bf8 33. Rc1 Nc5 (33... Ncxb6 34. Rxc8 Nxc8 35. Rc2 $15) 34. Rd1 Rxb6 35. h5 Rb2 (35... Rb3 $17 {...Nd3 is the strong threat.} 36. hxg6 hxg6) 36. Rxb2 $15 Nxb2 37. Rb1 Nc4 38. h6 Be7 39. Ra1 (39. Nc1 $15) 39... Nd3 $1 $17 40. Bd4 {[%emt 0:00:55] [#]} Ndxe5 $1 41. fxe5 ({Much weaker is} 41. Bxe5 Nxe5 42. fxe5 Bxg5 $17) 41... Bxg5 42. Kf2 Bxh6 43. Ng1 Bf4 44. Nf3 g5 45. Bh3 Nb2 46. Ne1 Rb8 47. Ra2 (47. Bf1 $1 $15) 47... Rb3 $1 48. Bg4 Nd3+ 49. Nxd3 Rxd3 50. Ra4 Kg7 51. Bh5 Rh3 52. Be2 (52. Bf3 $17 {keeps fighting.}) 52... h5 $19 53. Ra7 g4 54. Bb5 Rf3+ 55. Ke2 $2 (55. Kg1) 55... h4 56. Bd7 (56. Bc6 $142 Kg6 57. Ra8) 56... Kg6 {[%emt 0:00:48] White must now prevent ...h3.} 57. Ra8 (57. Be8 $142 h3 58. Bg1 Bxe5 59. Ra4) 57... Kf5 {[%emt 0:02:16] Strongly threatening ...h3.} 58. Rg8 Ra3 59. Bb5 Ra2+ (59... h3 $142 {( -> ...h2)} 60. Bg1 Ra2+ 61. Kd3 Ra1) 60. Kf1 Ke4 {[%emt 0:07:07] Inhibits Bd3+.} (60... Rd2 $2 61. Bc3 Rd1+ 62. Ke2 Bxe5 63. Bxe5 $16 (63. Kxd1 Bxc3 64. Be2 g3 $16)) 61. Rxg4 h3 ({Inferior is} 61... Kxd4 62. Rxf4+ Kxe5 63. Rxf7 $11) 62. Be2 (62. Rh4 $19 Kxd4 63. Rxf4+ Ke3 64. Ra4) 62... h2 63. Rh4 Kxd4 64. Rxf4+ Kxe5 {[%emt 0:00:11] KRB-KR} 65. Rh4 h1=Q+ 66. Rxh1 Ra1+ 67. Kg2 Rxh1 68. Kxh1 {[%emt 0:00:02] KB-K3P} Ke4 69. Kg2 f5 70. Kf2 e5 71. Bb5 {[%emt 0:00:43] [#]} d4 $2 (71... Kf4 $1 {mates} 72. Bc6 d4 73. Ke2 e4 74. Kf2 Ke5 75. Ba4 d3 76. Be8 f4 77. Ke1 f3 78. Bb5 Kf4 79. Bc4 Ke3 80. Bf7 f2+ 81. Kf1 Kd2 82. Bg6 e3 83. Bf5 e2+ 84. Kxf2 e1=Q+ 85. Kf3 Qh4 86. Bg4 {[#]} Qxg4+ $3 87. Kxg4 Ke3 88. Kh5 d2 89. Kh6 Kf4 90. Kg7 Kf5 91. Kf7 d1=Q 92. Ke7 Qd4 93. Kf8 Kf6 94. Kg8 Qg4+ 95. Kh8 Qg7#) 72. Ke2 $11 {[%emt 0:00:18] The position is equal.} Kf4 73. Kd3 Kf3 74. Bc6+ Kf2 75. Bb5 f4 76. Ke4 f3 77. Ba6 Kg2 78. Kxe5 f2 {And White is the lucky defender.  Weighted Error Value: White=0.46/Black=0.23 (precise)} 1/2-1/2

[Event "GER-ch Youth-U18 2022"]
[Site "Willingen"]
[Date "2022.06.06"]
[Round "3.4"]
[White "Colbow, Collin"]
[Black "Weihrauch, Jakob"]
[Result "0-1"]
[ECO "B91"]
[WhiteElo "2360"]
[BlackElo "2139"]
[Annotator "TA"]
[PlyCount "86"]
[EventDate "2022.06.05"]
[EventType "swiss"]
[EventRounds "9"]
[EventCountry "GER"]
[SourceTitle "playchess.com"]
[Source "ChessBase"]
[SourceQuality "1"]
[TimeControl "40/4500+30:900+30"]

1. e4 c5 2. Nf3 d6 3. d4 cxd4 4. Nxd4 Nf6 5. Nc3 a6 6. g3 e5 7. Nde2 b5 8. Nd5 {[%emt 0:00:00] now scores much better than the old 8.Bg2. B91: Sicilian Najdorf: 6 g3.} Nxd5 9. Qxd5 Ra7 10. Be3 {[%emt 0:00:00] [#] White is slightly better.} Rb7 $146 ({Predecessor:} 10... Be6 11. Qd2 Rd7 12. Nc3 Be7 13. a4 d5 14. Nxd5 f5 15. Bb6 Qc8 16. Nxe7 Qb7 {0-1 (32) Thilakarathne,G (2398)-Smirnov,A (2597) Chess.com INT 2020}) 11. Bg2 Nd7 12. O-O Be7 13. Qd2 Nb6 14. b3 O-O 15. Rfc1 Be6 16. Qa5 Qc7 17. Nc3 Ra8 18. a4 b4 19. Na2 ({Avoid the trap} 19. Qxb4 $2 Nd7 20. Nb5 axb5 $19) 19... Nd5 20. Qxc7 Nxc7 21. a5 d5 22. exd5 Bxd5 23. Rd1 (23. Bf1 $14) 23... Bxg2 $11 24. Kxg2 {[%emt 0:00:01] [#] Hoping for Rd7.} Nb5 25. Nc1 ({White should try} 25. Rd2 $11) 25... Rc8 26. Nd3 e4 27. Ne1 (27. Nc5 $1 $11 Bxc5 28. Bxc5) 27... Bf6 $17 {[%emt 0:00:13] Black is more active.} 28. Rac1 (28. c4 $17 {is a better defense.} bxc3 29. Nc2) 28... Bb2 $19 29. c4 {[%emt 0:00:27] [#] aiming for Rc2.} bxc3 30. Rc2 Na3 31. Re2 Rxb3 32. Nc2 h6 33. Rd6 Nxc2 34. Rxc2 Ba3 (34... Ra8 $17 35. Bd4 Ra3) 35. Rxa6 $15 Rb2 $36 {[%emt 0:03:35][%mdl 2048] Black is pushing.} 36. Rxc3 Rxc3 $19 37. Ra8+ Kh7 {[%emt 0:00:40] ( -> ...Rxe3)} 38. a6 Rxe3 {[%emt 0:01:28] Black mates.} 39. a7 Ree2 40. Re8 Rxf2+ 41. Kh3 f5 42. g4 Rf3+ 43. Kh4 Rxh2# {[%emt 0:00:00] Weighted Error Value: White=0.44/Black=0.12 (very precise)} 0-1

[Event "GER-ch Youth-U18 2022"]
[Site "Willingen"]
[Date "2022.06.06"]
[Round "3.5"]
[White "Pubantz, Jan"]
[Black "Haack, Kevin"]
[Result "1-0"]
[ECO "D35"]
[WhiteElo "2265"]
[BlackElo "2176"]
[Annotator "TA"]
[PlyCount "79"]
[EventDate "2022.06.05"]
[EventType "swiss"]
[EventRounds "9"]
[EventCountry "GER"]
[SourceTitle "playchess.com"]
[Source "ChessBase"]
[SourceQuality "1"]
[TimeControl "40/4500+30:900+30"]

1. d4 Nf6 2. c4 e6 3. Nc3 d5 4. cxd5 exd5 5. Bg5 Be7 6. e3 c6 7. Bd3 Nbd7 8. h3 h6 9. Bf4 O-O 10. Nf3 Re8 11. Qc2 a5 {[%emt 0:02:06] D36: Queen's Gambit Declined: Exchange Variation: Main line (5 Bg5 c6 6 Qc2).} 12. O-O Nf8 13. a3 {[%emt 0:00:00] 0x0.000bd5f3ece8dp-1022s more active pieces. The black rooks are badly placed.} Ne6 {[%emt 0:21:08] [#] White has an edge.} 14. Be5 $146 ({Predecessor:} 14. Bh2 b5 15. Ne5 Qb6 16. Rfc1 Ba6 17. Bf5 Bf8 18. Bg3 c5 19. Nxd5 Qd8 20. Nxf6+ gxf6 {1-0 (27) Bluebaum,M (2642)-Van Foreest,L (2530) Warsaw 2021}) 14... g6 {[%emt 0:07:43] [#]} ({Black should try} 14... Ng5 $14) 15. Ne2 (15. Bxg6 $142 $1 {[%mdl 512] Hoping for Bd3.} Bd6 (15... fxg6 16. Qxg6+) 16. Bd3 (16. Qf5 Nxd4 17. Qxf6 Qxf6 $15)) 15... Ng7 {[%emt 0:09:37] [#]} (15... Nf8 $16 {was called for.}) 16. Bf4 $2 ({White must play} 16. Bxg6 $1 $18 {[%mdl 512] Strongly threatening Bd3.} Bd6 17. Bxd6 (17. Bxf7+ Kxf7 18. g4 Bxe5 $11) 17... Qxd6 18. Bd3) 16... h5 $14 17. Ng3 Nd7 18. Ne2 Nf6 19. Rab1 Bf5 20. Ne5 Bd6 21. b4 axb4 22. axb4 Qe7 23. Qb3 Ne4 {[%emt 0:03:32] ...Nd2 is the strong threat.} 24. Rb2 {[%emt 0:02:00] Prevents Nd2.} (24. Qc2 {looks sharper.} Ra3 25. Ra1 Rxa1 26. Rxa1 f6 27. Nxg6 Bxg6 28. b5) 24... f6 25. Bxe4 fxe5 ({Better is} 25... Bxe4 $11 26. Nd3 Bxf4 27. exf4 Bf5) 26. dxe5 Bxe5 27. Bxe5 Qxe5 28. Bxf5 Nxf5 29. Nf4 Qf6 (29... Kh7 $1 $11) 30. Qc2 Re4 31. b5 Rc4 32. Qd2 {[%emt 0:00:02] aiming for bxc6.} Nd6 $2 {[%emt 0:00:58] Loses the game.} (32... Ra7 $14) 33. bxc6 $18 bxc6 {[%emt 0:00:05][%cal Oc4f4] [#] Threatens to win with ...Rxf4!} 34. Nxd5 cxd5 35. Qxd5+ Kg7 36. Rb7+ Kh6 37. Rb6 Rc2 $2 (37... Rcc8) 38. Qxa8 {[%emt 0:00:31] White is clearly winning.} Rd2 39. Qa5 Rd3 40. Qc5 {[%emt 0:00:54] Weighted Error Value: White=0.22 (precise) /Black=0.43} 1-0